 Dungeon Crawl Stone Soup version 0.30.0-16-gbe6223bb7e (webtiles) character file.

Game seed: 211063360190961206

191 monsoonserge the Shooter (level 5, -10/43 HPs)
             Began as an Armataur Hexslinger on May 21, 2023.
             Mangled by an ice beast (14 damage)
             ... on level 3 of the Dungeon.
             The game lasted 00:12:09 (2499 turns).

monsoonserge the Shooter (Armataur Hexslinger)      Turns: 2499, Time: 00:12:12

Health: -10/43     AC:  9    Str: 16    XL:     5   Next: 42%
Magic:  0/6        EV: 15    Int: 13    God:
Gold:   95         SH:  0    Dex: 17    Spells: 5/6 levels left

rFire   . . .        a - +1 sling
rCold   . . .        (no shield)
rNeg    . . .        c - +0 robe
rPois   .            t - +2 hat
rElec   .            o - +0 cloak
rCorr   .            q - +1 pair of gloves
SInv    .            (no barding)
Will    .....        u - amulet of the acrobat
Stlth   ++           l - ring of Uraosi {EV+5 Dex+5}
HPRegen 0.27/turn    (no ring)
MPRegen 0.10/turn

%: acrobat, roll
@: brilliant, attractive, hasted, very quick
A: large, rugged brown scales 3, deformed body, armoured tail, roll, long
tongue, awkward tongue
a: no special abilities


You were on level 3 of the Dungeon.
You visited 1 branch of the dungeon, and saw 4 of its levels.

You collected 95 gold pieces.

Inventory:

Hand Weapons
 a - a +1 sling (weapon)
Missiles
 g - 12 poisoned darts
 n - 8 boomerangs
Armour
 c - a +0 robe (worn)
 o - a +0 cloak (worn)
 q - a +1 pair of gloves (worn)
 t - a +2 hat (worn)
Jewellery
 l - the ring of Uraosi (left hand) {EV+5 Dex+5}
   (You found it on level 2 of the Dungeon)

   [ring of evasion]

   EV:        It affects your evasion (+5).
   Dex:       It affects your dexterity (+5).
 u - an amulet of the acrobat (around neck)
Scrolls
 b - 4 scrolls of poison
 d - a scroll of vulnerability {unknown}
 f - 5 scrolls of identify {unknown}
 h - 2 scrolls of teleportation {unknown}
 j - 2 scrolls of blinking {unknown}
 r - a scroll of silence {unknown}
 s - a scroll of immolation {unknown}
Potions
 k - a potion of flight
 m - a potion of attraction
 p - a potion of heal wounds {unknown}
 v - a potion of might {unknown}


   Skills:
 + Level 2.1 Fighting
 + Level 3.2 Ranged Weapons
 + Level 2.2 Dodging
 + Level 0.8 Stealth
 - Level 1.0 Spellcasting
 + Level 3.0 Hexes


You had 5 spell levels left.
You knew the following spells:

 Your Spells              Type           Power      Damage    Failure   Level
a - Slow                  Hex            48%        N/A       9%          1

Your spell library contained the following spells:

 Spells                   Type           Power      Damage    Failure   Level
 Inner Flame              Hex/Fire       6%         N/A       41%         3
 Portal Projectile        Hex/Tloc       12%        N/A       41%         3
 Cause Fear               Hex            6%         N/A       63%         4


Dungeon Overview and Level Annotations

Branches:
Dungeon (4/15)
 Temple: D:4-7

Altars:
Dithmenos


Innate Abilities, Weirdness & Mutations

You are completely covered in rugged brown scales. (AC +3, +7% HP)
Armour fits poorly on your strangely shaped body.
You have a long armoured tail.
You roll when moving toward enemies. (Rampage)
Your long tongue fully drains potion bottles. (2x potion effects)
Your tongue gives you trouble enunciating. (1.5x scroll delay)


Message History

The ice beast is no longer moving slowly.
The ice beast hits you. The ice beast freezes you!
* * * LOW HITPOINT WARNING * * *
It was a potion of attraction.
You feel attractive to monsters.
You slurp down every last drop of the potion of attraction!
The ice beast closely misses you.
Your magical contamination has completely faded away.
It was a potion of brilliance.
You feel clever all of a sudden.
You slurp down every last drop of the potion of brilliance!
The ice beast hits you but does no damage.
It was a potion of haste.
You feel yourself speed up.
You slurp down every last drop of the potion of haste!
The ice beast barely misses you.
You shoot a sling bullet. The sling bullet hits the ice beast.
The ice beast is severely wounded.
The ice beast completely misses you.
You shoot a sling bullet. The sling bullet hits the ice beast.
The ice beast is almost dead.
Press: ? - help, v - describe, . - travel
Here: an ice beast (almost dead)
The floor.
Casting: Slow (safe; 9% risk of failure)
Confirm with . or Enter, or press ? or * to list all spells.
Aiming: Slow (safe; 9% risk of failure)
Press: ? - help, Shift-Dir - straight line, f/p - ice beast
Aim: an ice beast (almost dead, chance to affect: 46%)
You feel a surge of power!
The ice beast resists with some effort.
The ice beast misses you.
Casting: Slow (safe; 9% risk of failure)
Confirm with . or Enter, or press ? or * to list all spells.
Aiming: Slow (safe; 9% risk of failure)
Press: ? - help, Shift-Dir - straight line, f/p - ice beast
Aim: an ice beast (almost dead, chance to affect: 46%)
You feel a surge of power!
The ice beast resists with some effort.
The ice beast hits you.
* * * LOW HITPOINT WARNING * * *
The ice beast freezes you!
You die...

#...........#
#.....#
#.######.##.#
#.#####
#...........#
#.#
######.######
#.# ### #.#
#.# .... ###.#
#.# .....
#...# #.#
......####.###
#.#
)........Y@#
#.#
#####.######
#.# #. #.# #.
#.# #. #.# #.
#.# ##.. #.#
#... #.#
###.?### #.#


You could see an ice beast.

Vanquished Creatures
  3 orc wizards (D:4)
  3 adders
  2 worms
  6 dart slugs
  10 orcs
  5 ball pythons
  5 endoplasms
  A giant cockroach (D:2)
  5 hobgoblins
  4 quokkas
  3 bats
  3 frilled lizards
  4 goblins
  7 kobolds
  2 rats (D:1)
63 creatures vanquished.

Notes
Turn   | Place    | Note
-------+----------+-------------------------------------------
     0 | D:1      | monsoonserge the Armataur Hexslinger began the quest for
                  | the Orb.
     0 | D:1      | Reached XP level 1. HP: 16/16 MP: 2/2
   240 | D:1      | Reached XP level 2. HP: 23/23 MP: 1/3
   386 | D:1      | Reached skill level 1 in Fighting
   560 | D:1      | You fall into a shaft and drop 1 floor!
   616 | D:2      | Reached XP level 3. HP: 26/29 MP: 4/4
   827 | D:2      | Identified the ring of Uraosi {EV+5 Dex+5}
  1601 | D:3      | Noticed an ice beast
  1676 | D:4      | Reached XP level 4. HP: 37/37 MP: 5/5
  1830 | D:4      | Reached XP level 5. HP: 13/43 MP: 6/6
  2009 | D:4      | Found a shadowy altar of Dithmenos.
  2499 | D:3      | Mangled by an ice beast

Illustrated notes

Levels and vault maps discovered:
D:1:      saegor_arrival_miasma, layout_basic, serial_shops,
          nicolae_shop_bloodbath_and_beyond
D:2:      layout_basic, minmay_misc_feat_room
D:3:      layout_basic
D:4:      layout_gridville, grunt_dithmenos_smoke,
          minmay_temple_entry_stoned_glass, dk_rats_in_the_wall

Skill      XL: |  1  2  3  4 |
---------------+-------------+-----
Hexes          | 3 |  3.0
Fighting       | 1 2 |  2.1
Ranged Weapons | 2 3 |  3.2
Dodging        | 2 |  2.2
Stealth        | |  0.8
Spellcasting   | |  1.0

Action                     |  1- 3 |  4- 6 || total
---------------------------+-------+-------++-------
  Melee: Sling             |       |    19 ||    19
         Tailslap          |       |     1 ||     1
   Fire: Sling             |   132 |   107 ||   239
   Cast: Slow              |    13 |    11 ||    24
    Use: Potion            |       |     6 ||     6
 Armour: Robe              |    29 |    33 ||    62
  Dodge: Dodged            |    41 |    48 ||    89
